[Event "Team 45 45 League T58"]
[Site "Internet Chess Club"]
[Date "2013.09.19"]
[Round "5"]
[White "lacibacsi"]
[Black "fledermaus"]
[Result "1/2-1/2"]
[WhiteElo "1976"]
[BlackElo "1909"]
[Opening "Sicilian: closed, 6.Be3"]
[ECO "B26"]
[Time "16:07:52"]
[TimeControl "2700+45"]

1. e4 c5 2. Nc3 d6 3. g3 Nc6 4. Bg2 g6 5. d3 Bg7 6. Be3 e6 7. Qd2 Qa5 8. Nge2
Nd4 9. O-O Bd7 10. Nc1 Ne7 11. Nb3 Qb6 12. f4 O-O 13. Rf2 a5 14. Rb1 a4 15. Nc1
Qa5 16. Nd1 Qxd2 17. Rxd2 Bc6 18. c3 Nb5 19. Ne2 Rfd8 20. d4 cxd4 21. Nxd4 Nxd4
22. Bxd4 Bxd4+ 23. Rxd4 d5 24. e5 Bb5 25. Ne3 Nc6 26. Rdd1 a3 27. b3 Rac8 28.
Nc2 Na7 29. c4 dxc4 30. Rxd8+ Rxd8 31. bxc4 Bxc4 32. Nxa3 {Game drawn by mutual
agreement} 1/2-1/2

[Event "Team 45 45 League T58"]
[Site "Internet Chess Club"]
[Date "2013.09.22"]
[Round "5"]
[White "jonesey"]
[Black "Tobiasdelmonte"]
[Result "1/2-1/2"]
[WhiteElo "1790"]
[BlackElo "1828"]
[Opening "Sicilian: Nimzovich-Rossolimo attack (without ...d6)"]
[ECO "B30"]
[Time "10:25:11"]
[TimeControl "2700+45"]

1. e4 c5 2. Nf3 Nc6 3. Bb5 Qb6 4. Nc3 a6 5. Nd5 Qd8 6. Bxc6 bxc6 7. Nc3 d6 8.
O-O Nf6 9. d3 g6 10. Bg5 Bg7 11. Nd2 O-O 12. f4 Rb8 13. Rb1 Ng4 14. Qe2 Bd4+ 15.
Kh1 Ne3 16. Rfc1 Bg4 17. Nf3 Qd7 18. f5 Kh8 19. Bxe3 gxf5 20. exf5 Rg8 21. Qf2
Bf6 22. Nh4 Rb4 23. a3 Rbb8 24. h3 Bxh4 25. Qxh4 Bxf5 26. Rf1 Qe6 27. Qf2 Bxh3
28. gxh3 Qxh3+ 29. Qh2 Qxe3 30. Rxf7 h6 31. Ne2 Qg5 32. Rf3 Kh7 33. Rf7+ Kh8 34.
Rf3 Kh7 {Game drawn by mutual agreement} 1/2-1/2

[Event "Team 45 45 League T58"]
[Site "Internet Chess Club"]
[Date "2013.09.21"]
[Round "5"]
[White "scottk74"]
[Black "gcl"]
[Result "1-0"]
[WhiteElo "1683"]
[BlackElo "1675"]
[Opening "Sicilian: Kan, 5.Nc3"]
[ECO "B43"]
[Time "07:02:37"]
[TimeControl "2700+45"]

1. e4 c5 2. Nf3 e6 3. d4 cxd4 4. Nxd4 a6 5. Nc3 Qc7 6. Be3 Bb4 7. Qd3 Nf6 8. Be2
Bxc3+ 9. bxc3 Nxe4 10. O-O d5 11. Bf3 Nf6 12. c4 Nc6 13. cxd5 exd5 14. Qa3 Bg4
15. Nb5 axb5 16. Qxa8+ Nb8 17. Qa3 Bxf3 18. gxf3 Nc6 19. Rab1 Kd7 20. Rxb5 Ne5
21. Bf4 Nc4 22. Qa4 Qxf4 23. Rxd5+ Kc7 24. Rc5+ Kb8 25. Rxc4 Qxf3 26. Rb1 Re8
27. Rcb4 Re7 28. Qa5 Re8 29. Ra4 Re2 30. Qa8+ Kc7 31. Rc4+ Kd6 32. Qb8+ Ke7 33.
Rxb7+ Nd7 34. Rxd7+ Kxd7 35. Rc7+ Ke6 36. Qe8+ Kd6 37. Qd7+ Ke5 38. Qe7+ Kf5 39.
Qxf7+ Kg4 40. h3+ Qxh3 41. Rc4+ Kg5 42. Rc5+ Kh6 43. Qf4+ Kg6 44. Rg5+ Kh6 45.
Rg2+ {Black resigns} 1-0

[Event "Team 45 45 League T58"]
[Site "Internet Chess Club"]
[Date "2013.09.22"]
[Round "5"]
[White "kabindra"]
[Black "fireball"]
[Result "1-0"]
[WhiteElo "1764"]
[BlackElo "1748"]
[Opening "French: Tarrasch, closed variation"]
[ECO "C05"]
[Time "16:02:37"]
[TimeControl "2700+45"]

1. e4 e6 2. d4 d5 3. Nd2 Nf6 4. e5 Nfd7 5. Bd3 c5 6. c3 cxd4 7. cxd4 Bb4 8. Ne2
Nc6 9. O-O Nb6 10. a3 Be7 11. Bb1 Bd7 12. b3 Qc7 13. Nf3 h6 14. Qd3 O-O-O 15.
Nc3 Na5 16. Nb5 Bxb5 17. Qxb5 Nc6 18. Bd2 a6 19. Qe2 Kb8 20. Rc1 Qd7 21. Bd3 g5
22. Be3 f5 23. exf6 Bxf6 24. Ne5 Bxe5 25. dxe5 d4 26. Bd2 Qd5 27. Re1 Rhe8 28.
b4 Nd7 29. f4 gxf4 30. Bxf4 Rh8 31. Rac1 Nb6 32. Be4 Qd7 33. Bxc6 bxc6 34. Qxa6
Qb7 35. Qd3 Rhg8 36. Bg3 h5 37. Re4 Rg4 38. Rxg4 hxg4 39. Qg6 d3 40. Qxe6 d2 41.
Rd1 Na4 42. Qb3 Nb6 43. Qc2 Qa6 44. Rxd2 Rxd2 45. Qxd2 Qc4 46. e6+ Kb7 47. e7
Qe6 48. Qd8 Qe3+ 49. Kf1 Qc1+ 50. Ke2 Qc2+ 51. Qd2 Qe4+ 52. Qe3 Qc2+ 53. Kf1
Qc4+ 54. Kg1 Nd5 55. e8=Q Nxe3 56. Qxe3 Qd5 57. Bf2 Qd1+ 58. Qe1 Qd5 59. Qe7+
Ka6 60. Qa7+ Kb5 61. Qc5+ Qxc5 62. bxc5 Ka4 63. Kf1 Kxa3 64. Ke2 Kb4 65. Kd3 Kb5
66. Ke4 Kc4 67. Kf4 {Black resigns} 1-0

[Event "Team 45 45 League T58"]
[Site "Internet Chess Club"]
[Date "2013.09.22"]
[Round "5"]
[White "Greedy-Reedy"]
[Black "leland"]
[Result "0-1"]
[WhiteElo "1966"]
[BlackElo "1907"]
[Opening "French: Rubinstein variation"]
[ECO "C10"]
[Time "14:00:52"]
[TimeControl "2700+45"]

1. e4 e6 2. d4 d5 3. Nc3 dxe4 4. Nxe4 Nd7 5. Nf3 Ngf6 6. Bd3 Nxe4 7. Bxe4 Nf6 8.
Bg5 Be7 9. Bxf6 Bxf6 10. c3 O-O 11. Qc2 g6 12. O-O-O c5 13. h4 Qa5 14. Kb1 cxd4
15. Nxd4 e5 16. Nb3 Qb6 17. h5 Bg7 18. hxg6 hxg6 19. Bd5 Bf5 20. Be4 Be6 21. g4
Rad8 22. f3 a5 23. Nc1 Rc8 24. Qh2 Rfd8 25. Qh7+ Kf8 26. Ka1 Bc4 27. Qh4 a4 28.
a3 Rd6 29. Nd3 Rcd8 30. Nf2 Rd2 31. Rb1 Qb3 {White forfeits on time} 0-1

[Event "Team 45 45 League T58"]
[Site "Internet Chess Club"]
[Date "2013.09.20"]
[Round "5"]
[White "LiangLiang"]
[Black "TwoEqualsOne"]
[Result "0-1"]
[WhiteElo "1911"]
[BlackElo "1873"]
[Opening "Sicilian: dragon, Yugoslav attack, 9.Bc4"]
[ECO "B77"]
[Time "19:30:39"]
[TimeControl "2700+45"]

1. e4 c5 2. Nf3 d6 3. d4 cxd4 4. Nxd4 Nf6 5. Nc3 g6 6. Be3 Bg7 7. Bc4 O-O 8. f3
Nc6 9. Qd2 Nd7 10. O-O-O Nb6 11. Bb3 Na5 12. Kb1 Nbc4 13. Qe2 Nxe3 14. Qxe3 Nxb3
15. Nxb3 a5 16. a3 Bd7 17. h4 b5 18. Nd5 Rb8 19. h5 e6 20. hxg6 exd5 21. gxh7+
Kh8 22. Rxd5 Be6 23. Rdh5 Qf6 24. c3 Bxb3 25. g4 b4 26. g5 Qe6 27. cxb4 axb4 28.
f4 Ba2+ 29. Kc2 Qc4+ 30. Kd2 bxa3 31. f5 Rxb2+ 32. Ke1 Bc3+ {White resigns} 0-1

[Event "Team 45 45 League T58"]
[Site "Internet Chess Club"]
[Date "2013.09.21"]
[Round "5"]
[White "latayvia"]
[Black "joebobpop"]
[Result "1-0"]
[WhiteElo "1692"]
[BlackElo "1853"]
[Opening "Grünfeld: modern exchange variation"]
[ECO "D85"]
[Time "22:01:18"]
[TimeControl "2700+45"]

1. d4 Nf6 2. c4 g6 3. Nc3 d5 4. cxd5 Nxd5 5. e4 Nxc3 6. bxc3 Bg7 7. Nf3 c5 8.
Rb1 O-O 9. Be2 Nc6 10. d5 Bxc3+ 11. Bd2 Bxd2+ 12. Qxd2 Nb8 13. h4 Bg4 14. Rxb7
Bxf3 15. Bxf3 Nd7 16. Qf4 Nb6 17. h5 Qd6 18. e5 Qd8 19. Qh6 g5 20. Be4 f5 21.
exf6 Rf7 22. Bg6 Qxd5 23. Bxf7+ Kxf7 24. Rxe7+ Kg8 25. Qg7# {Black checkmated}
1-0

[Event "Team 45 45 League T58"]
[Site "Internet Chess Club"]
[Date "2013.09.23"]
[Round "5"]
[White "Goldenberg"]
[Black "JustinL"]
[Result "1-0"]
[WhiteElo "1984"]
[BlackElo "2028"]
[Opening "Bishop's opening: Philidor counter-attack"]
[ECO "C23"]
[Time "17:06:14"]
[TimeControl "2700+45"]

1. e4 e5 2. Bc4 c6 3. Nf3 d5 4. exd5 e4 5. Qe2 cxd5 6. Bb5+ Bd7 7. Nc3 Nf6 8.
O-O Be7 9. Bxd7+ Nbxd7 10. Nd4 O-O 11. Nf5 Re8 12. d4 Nb6 13. Bg5 h6 14. Bh4 Qd7
15. Nxe7+ Qxe7 16. a4 g5 17. Bg3 a6 18. Be5 Nbd7 19. f4 gxf4 20. Bxf6 f3 21.
Bxe7 fxe2 22. Rfe1 Rxe7 23. Nxd5 Ree8 24. Nc7 Rac8 25. Nxe8 Rxe8 26. Rxe2 Nb6
27. b3 Nd5 28. c4 Nb4 29. Rae1 f5 30. Rf1 Nc6 31. d5 Nd4 32. Re3 Kg7 33. d6 Rd8
34. c5 Kf6 35. Rxe4 {Black resigns} 1-0

[Event "Team 45 45 League T58"]
[Site "Internet Chess Club"]
[Date "2013.09.20"]
[Round "5"]
[White "spuzzy"]
[Black "zigzag2002"]
[Result "0-1"]
[WhiteElo "1846"]
[BlackElo "2038"]
[Opening "Sicilian: Sozin with ...a6 and ...b5"]
[ECO "B87"]
[Time "19:01:33"]
[TimeControl "2700+45"]

1. e4 c5 2. Nf3 d6 3. d4 cxd4 4. Nxd4 Nf6 5. Nc3 a6 6. Bc4 e6 7. Bb3 b5 8. O-O
Be7 9. Qf3 Qc7 10. Qg3 O-O 11. Bh6 Ne8 12. Rad1 Bf6 13. Be3 Bb7 14. f3 Nd7 15.
a3 Rd8 16. Qf2 Nc5 17. Ba2 g6 18. Nb3 Nd7 19. Bd4 Bg7 20. Rfe1 Nef6 21. Nc1 e5
22. Be3 Nc5 23. Nd3 Rc8 24. Nxc5 dxc5 25. Nd5 Bxd5 26. Bxd5 Rfd8 27. c4 Nxd5 28.
cxd5 Qd6 29. g4 Bf6 30. h4 c4 31. g5 Bg7 32. Kg2 f5 33. gxf6 Bxf6 34. Bb6 Bxh4
35. Qxh4 Qxb6 36. Rh1 Rd7 37. Qg5 Qd6 38. f4 exf4 39. e5 f3+ 40. Kxf3 Rf7+ 41.
Kg4 Qc5 42. Rxh7 Rxh7 {White resigns} 0-1

[Event "Team 45 45 League T58"]
[Site "Internet Chess Club"]
[Date "2013.09.22"]
[Round "5"]
[White "anna"]
[Black "IshanR"]
[Result "0-1"]
[WhiteElo "1696"]
[BlackElo "1892"]
[Opening "Sicilian: Alapin's variation (2.c3)"]
[ECO "B22"]
[Time "08:17:06"]
[TimeControl "2700+45"]

1. e4 c5 2. c3 Nf6 3. e5 Nd5 4. d4 cxd4 5. Nf3 Nc6 6. cxd4 d6 7. exd6 Qxd6 8.
Bc4 Bg4 9. Be2 e6 10. Nc3 Be7 11. h3 Bf5 12. O-O O-O 13. Nxd5 Qxd5 14. Be3 Rfd8
15. Qd2 Qa5 16. Qxa5 Nxa5 17. Rac1 Nc6 18. Bb5 Be4 19. Bxc6 Bxc6 20. Ne5 Bb5 21.
Rfd1 Bd6 22. f3 Rac8 23. Kf2 f6 24. Nd3 Bc4 25. b3 Bd5 26. Nc5 b6 27. Na4 Ba3
28. Rc3 Kf7 29. Ke2 Ke7 30. Rxc8 Rxc8 31. Kd3 Bb7 32. Nc3 Ba6+ 33. Kd2 Bb4 34.
Rc1 Rxc3 35. Rxc3 Bf1 36. g3 Bxh3 37. Kd3 Bf5+ 38. Kc4 Bxc3 39. Kxc3 Kd6 40. Kc4
Kc6 41. a4 Bh3 42. Kc3 Kd5 43. Kd3 Bf1+ 44. Kd2 h5 45. Bf2 a6 46. Ke3 g5 47. Be1
b5 48. a5 Bg2 49. f4 gxf4+ 50. gxf4 Be4 51. b4 Bh1 52. Kd3 f5 53. Ke3 Kc4 {White
resigns} 0-1

[Event "Team 45 45 League T58"]
[Site "Internet Chess Club"]
[Date "2013.09.20"]
[Round "5"]
[White "knightstormala"]
[Black "Nxs123"]
[Result "1-0"]
[WhiteElo "1761"]
[BlackElo "1556"]
[Opening "English opening"]
[ECO "A20"]
[Time "20:01:23"]
[TimeControl "2700+45"]

1. c4 e5 2. g3 Nc6 3. Bg2 Bc5 4. e3 Nge7 5. Nc3 d6 6. Nge2 Be6 7. d4 exd4 8.
exd4 Bxd4 9. Nxd4 Bxc4 10. b3 Ba6 11. Ndb5 Qd7 12. O-O O-O 13. Re1 Rfe8 14. Ba3
Rad8 15. Nd4 h6 16. Nxc6 Nxc6 17. Qd2 Rb8 18. Rxe8+ Rxe8 19. Re1 Ne5 20. Re3 Re6
21. Nd5 Kh8 22. Nf4 Re8 23. Bb2 Qf5 24. Bxe5 Rxe5 25. Rxe5 {Black forfeits on
time} 1-0

[Event "Team 45 45 League T58"]
[Site "Internet Chess Club"]
[Date "2013.09.18"]
[Round "5"]
[White "kyoroogi"]
[Black "chess9793"]
[Result "1/2-1/2"]
[WhiteElo "2153"]
[BlackElo "2071"]
[Opening "Sicilian: Hungarian variation"]
[ECO "B27"]
[Time "20:03:20"]
[TimeControl "2700+45"]

1. e4 c5 2. Nf3 g6 3. c3 Nf6 4. Bd3 Bg7 5. Bc2 O-O 6. O-O Nc6 7. d4 d5 8. e5 Ne4
9. Re1 b6 10. Bxe4 dxe4 11. Rxe4 Bf5 12. Re1 Qd5 13. Be3 Rfd8 14. Nbd2 cxd4 15.
Bxd4 Nxd4 16. Nxd4 Bxe5 17. Nxf5 gxf5 18. Nf3 Qxd1 19. Raxd1 Bf6 20. g3 e6 21.
Kf1 Kf8 22. Ke2 Ke7 23. Rd2 Rxd2+ {Game drawn by mutual agreement} 1/2-1/2

[Event "Team 45 45 League T58"]
[Site "Internet Chess Club"]
[Date "2013.09.22"]
[Round "5"]
[White "Stryker672"]
[Black "Otelo"]
[Result "1/2-1/2"]
[WhiteElo "2049"]
[BlackElo "1796"]
[Opening "Sicilian: Alapin's variation (2.c3)"]
[ECO "B22"]
[Time "20:00:06"]
[TimeControl "2700+45"]

1. e4 c5 2. c3 Nf6 3. e5 Nd5 4. d4 cxd4 5. Nf3 e6 6. cxd4 Nc6 7. a3 d6 8. Bd3
Qc7 9. O-O dxe5 10. dxe5 Nxe5 11. Nxe5 Qxe5 12. Re1 Qd6 13. Qf3 Bd7 14. Nd2 Bc6
15. Nc4 Qc7 16. Ne5 Bd6 17. Nxc6 bxc6 18. h3 O-O 19. Bd2 Rab8 20. b4 Bf4 21.
Bxf4 Qxf4 22. Qxf4 Nxf4 23. Be4 Rbc8 24. Rac1 f5 25. Bb1 Kf7 26. Rc4 g5 27. Kh2
Rfd8 28. Rec1 Ne2 29. R1c2 Nd4 30. Rb2 Rb8 31. Bc2 a5 32. Ba4 axb4 33. Rbxb4
Rxb4 34. axb4 Rd6 35. g3 e5 36. Kg2 Ke6 37. f3 f4 38. h4 fxg3 39. hxg5 Kd5 40.
Rc5+ {Game drawn by mutual agreement} 1/2-1/2

[Event "Team 45 45 League T58"]
[Site "Internet Chess Club"]
[Date "2013.09.21"]
[Round "5"]
[White "alexping"]
[Black "kidcobra"]
[Result "1-0"]
[WhiteElo "1852"]
[BlackElo "1799"]
[Opening "QGD: Ragozin variation"]
[ECO "D38"]
[Time "11:02:27"]
[TimeControl "2700+45"]

1. d4 Nf6 2. c4 e6 3. Nf3 d5 4. Nc3 Bb4 5. e3 Bxc3+ 6. bxc3 O-O 7. Bd3 Nbd7 8.
cxd5 exd5 9. Qc2 c5 10. dxc5 Nxc5 11. Ba3 Nxd3+ 12. Qxd3 Re8 13. Bc5 Ne4 14. Bd4
Bf5 15. Qb5 Qd7 16. Qb4 a5 17. Qb2 Rac8 18. O-O Qc7 19. Rfc1 Bg4 20. Ne1 Ng5 21.
Nd3 Re4 22. Nf4 Qd7 23. f3 Bxf3 24. gxf3 Nxf3+ 25. Kh1 Nxd4 26. cxd4 Rxe3 27.
Qg2 Rxc1+ 28. Rxc1 Qc6 29. Qd2 Qe8 30. Qxe3 Qd7 31. Nxd5 Qxd5+ 32. Kg1 h6 33. a4
b6 34. Qf4 Kh7 35. Rc7 Kg8 36. Re7 Kf8 37. Re3 b5 38. Qb8+ Qd8 39. Qxd8# {Black
checkmated} 1-0

[Event "Team 45 45 League T58"]
[Site "Internet Chess Club"]
[Date "2013.09.22"]
[Round "5"]
[White "hood"]
[Black "bobhill"]
[Result "1-0"]
[WhiteElo "1839"]
[BlackElo "1914"]
[Opening "Sicilian: dragon, classical attack"]
[ECO "B72"]
[Time "22:33:22"]
[TimeControl "2700+45"]

1. e4 c5 2. Nf3 d6 3. d4 cxd4 4. Nxd4 Nf6 5. Nc3 g6 6. Be2 Bg7 7. Be3 O-O 8. f3
Nc6 9. Qd2 Nxd4 10. Bxd4 Be6 11. O-O-O a6 12. g4 b5 13. g5 Nh5 14. Bxg7 Nxg7 15.
f4 b4 16. Nd5 Bxd5 17. Qxd5 Ne6 18. Qd2 Qc7 19. f5 Nc5 20. Qxb4 Rab8 21. Qc4 Qb7
22. b3 Qxe4 23. fxg6 Qe3+ 24. Kb1 hxg6 25. h4 Ne4 26. Bd3 Nd2+ 27. Rxd2 Qxd2 28.
Bxg6 Kg7 29. Bd3 Qb4 30. Qd5 e6 31. Qf3 Qd4 32. h5 a5 33. h6+ Kh8 34. Re1 a4 35.
Bc4 axb3 36. Bxb3 Rbc8 37. Re3 Rg8 38. c3 Qa7 39. Qf6+ Kh7 40. Bc2+ Rg6 41. Qg7#
{Black checkmated} 1-0

[Event "Team 45 45 League T58"]
[Site "Internet Chess Club"]
[Date "2013.09.20"]
[Round "5"]
[White "scottk74"]
[Black "The7thGuest"]
[Result "0-1"]
[WhiteElo "1666"]
[BlackElo "2016"]
[Opening "Sicilian defense"]
[ECO "B30"]
[Time "12:00:13"]
[TimeControl "2700+45"]

1. e4 c5 2. Nf3 Nc6 3. Bd3 g6 4. c3 Bg7 5. O-O Nf6 6. Bc2 O-O 7. Re1 d5 8. e5
Ng4 9. d4 f6 10. h3 Nh6 11. e6 Qd6 12. dxc5 Qxc5 13. Bf4 Ne5 14. Nxe5 fxe5 15.
Bxe5 Qxf2+ 16. Kh1 Bxe5 17. Rxe5 Nf5 18. Bxf5 Rxf5 19. Rxf5 Qxf5 20. Nd2 Bxe6
21. Nf3 Bf7 22. Qd4 b6 23. Re1 Re8 24. Ne5 e6 25. Nd7 e5 26. Nxe5 h5 27. Nf3
Rxe1+ 28. Nxe1 Qf1+ 29. Qg1 Qe2 30. Nf3 Qxb2 31. Qd4 {White resigns} 0-1

[Event "Team 45 45 League T58"]
[Site "Internet Chess Club"]
[Date "2013.09.18"]
[Round "5"]
[White "byebyebadman"]
[Black "misuc56"]
[Result "0-1"]
[WhiteElo "1822"]
[BlackElo "1809"]
[Opening "Sicilian: closed, 2...Nc6"]
[ECO "B23"]
[Time "16:23:50"]
[TimeControl "2700+45"]

1. e4 c5 2. Nc3 Nc6 3. Bb5 d6 4. Bxc6+ bxc6 5. f4 g6 6. Nf3 Bg7 7. O-O e6 8. d3
Rb8 9. Qe1 Ne7 10. e5 dxe5 11. fxe5 Ba6 12. Ng5 O-O 13. Qh4 h6 14. Nce4 Nf5 15.
Qh3 Rb4 16. g4 Nd4 17. Nxe6 Nxe6 18. Bxh6 Rxe4 19. Bxg7 Kxg7 20. dxe4 Bxf1 21.
Rxf1 Qd4+ {White resigns} 0-1

[Event "Team 45 45 League T58"]
[Site "Internet Chess Club"]
[Date "2013.09.19"]
[Round "5"]
[White "yummy2"]
[Black "MisterDoob"]
[Result "1/2-1/2"]
[WhiteElo "2325"]
[BlackElo "2292"]
[Opening "French: King's Indian attack"]
[ECO "C00"]
[Time "22:00:07"]
[TimeControl "2700+45"]

1. e4 e6 2. d3 d5 3. Qe2 dxe4 4. dxe4 Nc6 5. c3 Nf6 6. Nf3 Be7 7. g3 O-O 8. Bg2
Qd7 9. e5 Nd5 10. O-O Rd8 11. Nbd2 b6 12. Re1 a5 13. Qe4 Bb7 14. Nf1 a4 15. Ng5
Bxg5 16. Bxg5 Rdb8 17. Rad1 Qe8 18. Bd2 Nde7 19. Qc2 Ng6 20. f4 Na5 21. Bxb7
Nxb7 22. c4 Nc5 23. Bb4 Ne7 24. Rd2 Nc6 25. Ba3 Rd8 26. Red1 Rxd2 27. Rxd2 Na5
28. Ne3 Ncb7 29. Bb4 Nc6 30. Ba3 Rd8 31. Rxd8 Qxd8 32. Qxa4 Qd2 {Game drawn by
mutual agreement} 1/2-1/2

[Event "Team 45 45 League T58"]
[Site "Internet Chess Club"]
[Date "2013.09.22"]
[Round "5"]
[White "Matusalen"]
[Black "ARuperez"]
[Result "1/2-1/2"]
[WhiteElo "2185"]
[BlackElo "2130"]
[Opening "English: symmetrical, four knights system"]
[ECO "A30"]
[Time "09:03:37"]
[TimeControl "2700+45"]

1. Nf3 Nf6 2. c4 c5 3. Nc3 Nc6 4. g3 g6 5. d4 cxd4 6. Nxd4 Bg7 7. Bg2 O-O 8. O-O
a6 9. c5 Nxd4 10. Qxd4 d6 11. cxd6 Ng4 12. Qb4 exd6 13. Rd1 Be5 14. h3 a5 15.
Qa3 Nf6 16. Bg5 Bxc3 17. bxc3 Ra6 18. c4 Qe7 19. Qb2 Kg7 20. e3 h6 21. Bxf6+
Qxf6 22. Rab1 Qxb2 23. Rxb2 Be6 24. Bxb7 Ra7 25. Rxd6 Rb8 26. Rdb6 Bxc4 27. a3
Rd8 28. Bf3 a4 {Game drawn by mutual agreement} 1/2-1/2

[Event "Team 45 45 League T58"]
[Site "Internet Chess Club"]
[Date "2013.09.29"]
[Round "5"]
[White "Epcot"]
[Black "Chess-Dream"]
[Result "1/2-1/2"]
[WhiteElo "2114"]
[BlackElo "2079"]
[Opening "Queen's pawn game"]
[ECO "E10"]
[Time "12:11:48"]
[TimeControl "2700+45"]

1. d4 Nf6 2. c4 e6 3. Nf3 d5 4. g3 Bb4+ 5. Bd2 Be7 6. Bg2 O-O 7. O-O c6 8. Qc2
Nbd7 9. Bf4 b6 10. Rd1 Bb7 11. Nc3 dxc4 12. Nd2 Nd5 13. Nxc4 Nxf4 14. gxf4 Qc7
15. e3 Rad8 16. Rac1 c5 17. d5 exd5 18. Nxd5 Bxd5 19. Bxd5 b5 20. Nd2 Nf6 21.
Bg2 c4 22. Nb3 Qb6 23. Nd4 Bc5 24. Nc6 Rc8 25. b4 Rxc6 26. Bxc6 Qxc6 27. bxc5
Qxc5 28. Rd4 Rc8 29. Qc3 h6 30. Qa5 Qh5 31. Rd8+ Rxd8 32. Qxd8+ Kh7 33. Qa8 Qc5
34. Qb7 Ng4 35. Rd1 Qh5 36. Qf3 Qxh2+ 37. Kf1 Qh4 38. Ke2 f5 39. Rd7 Qf6 40. Qb7
a6 41. Qd5 Qb2+ 42. Qd2 Qa1 43. Qc2 Kg6 44. Rd5 Qf6 45. e4 Kh7 46. exf5 Qe7+ 47.
Re5 Qh4 48. f6+ Kg8 49. Qg6 Qxf2+ 50. Kd1 Qd4+ 51. Ke1 Qf2+ 52. Kd1 Qd4+ 53. Ke1
Qf2+ 54. Kd1 {Game drawn by repetition} 1/2-1/2

[Event "Team 45 45 League T58"]
[Site "Internet Chess Club"]
[Date "2013.09.20"]
[Round "5"]
[White "minke"]
[Black "SlimeDog2"]
[Result "0-1"]
[WhiteElo "1928"]
[BlackElo "2053"]
[Opening "Giuoco Piano: Möller (Therkatz) attack"]
[ECO "C54"]
[Time "23:01:10"]
[TimeControl "2700+45"]

1. e4 e5 2. Nf3 Nc6 3. Bc4 Bc5 4. c3 Nf6 5. d4 exd4 6. cxd4 Bb4+ 7. Nc3 Nxe4 8.
O-O Bxc3 9. d5 Bf6 10. Re1 Ne7 11. Rxe4 d6 12. Bg5 Bxg5 13. Nxg5 h6 14. Qe2 hxg5
15. Re1 Be6 16. dxe6 f6 17. Re3 Kf8 18. Rh3 Rxh3 19. gxh3 g6 20. Qf3 Kg7 21.
Qxb7 Qc8 22. Qe4 Rb8 23. b3 Qb7 24. Qd3 d5 25. Ba6 Qb6 26. Qe2 c5 27. Bd3 Qd6
28. Qc2 Rh8 29. Kg2 g4 30. Re3 d4 31. Rg3 Rxh3 32. Qc4 Rxg3+ 33. hxg3 Qd5+ 34.
Kf1 Qxc4 35. Bxc4 f5 36. Ke2 Kf6 37. Kd3 Ke5 38. a3 a5 39. Ke2 Kd6 40. Kd3 Nc6
41. Ke2 Nd8 42. Kd3 Nxe6 43. b4 cxb4 44. axb4 axb4 45. Ba2 b3 46. Bb1 Kd5 47.
Kd2 Nc5 48. Ke2 Kc4 49. f3 d3+ 50. Ke3 gxf3 51. Kxf3 d2 52. Ke2 Kc3 53. g4 f4
54. Bxg6 f3+ {White resigns} 0-1

[Event "Team 45 45 League T58"]
[Site "Internet Chess Club"]
[Date "2013.09.24"]
[Round "5"]
[White "Pomberito"]
[Black "NFork"]
[Result "0-1"]
[WhiteElo "2156"]
[BlackElo "2154"]
[Opening "French: Steinitz variation"]
[ECO "C11"]
[Time "11:39:34"]
[TimeControl "2700+45"]

1. e4 e6 2. d4 d5 3. Nc3 Nf6 4. e5 Nfd7 5. Nf3 c5 6. dxc5 Nc6 7. Bf4 Bxc5 8. Bd3
Be7 9. Qe2 Nc5 10. O-O-O a6 11. h4 h6 12. g4 b5 13. g5 b4 14. Nb1 Qa5 15. g6
Nxd3+ 16. Qxd3 f5 17. exf6 Bxf6 18. Rhe1 Qxa2 19. b3 O-O 20. Bd6 Bd7 21. Bxf8
Rxf8 22. Kd2 Rc8 23. Rc1 Ne7 24. Ne5 Be8 25. Qh3 Nf5 26. Kd1 Qb2 27. Nc6 Bxg6
28. Rxe6 Bh5+ 29. f3 Rxc6 30. Rxc6 Qd4+ 31. Nd2 Qg1+ 32. Nf1 Qd4+ 33. Nd2 Qg1+
34. Nf1 Qf2 35. Rc8+ Kf7 36. Rc7+ Kg6 {White resigns} 0-1

[Event "Team 45 45 League T58"]
[Site "Internet Chess Club"]
[Date "2013.09.24"]
[Round "5"]
[White "daniguti"]
[Black "steadman"]
[Result "0-1"]
[WhiteElo "1932"]
[BlackElo "2111"]
[Opening "Sicilian, Szén (`anti-Taimanov') variation"]
[ECO "B44"]
[Time "20:22:21"]
[TimeControl "2700+45"]

1. e4 c5 2. Nf3 e6 3. d4 cxd4 4. Nxd4 Nc6 5. Nb5 d6 6. c4 Nf6 7. N5c3 Be7 8. Be2
O-O 9. Be3 b6 10. O-O Bb7 11. f3 Qd7 12. Na3 Rfd8 13. Qe1 d5 14. cxd5 exd5 15.
exd5 Nxd5 16. Nxd5 Qxd5 17. Bc4 Qe5 18. Nc2 Qxb2 19. Rf2 Qf6 20. Re2 Ne5 21. Bd4
Rxd4 22. Nxd4 Bc5 23. Rd1 Nxf3+ 24. gxf3 Bxd4+ 25. Rxd4 Qxd4+ 26. Re3 Re8 27.
Kf2 Qh4+ {White resigns} 0-1

[Event "Team 45 45 League T58"]
[Site "Internet Chess Club"]
[Date "2013.09.23"]
[Round "5"]
[White "PoisonPawn"]
[Black "Stryker672"]
[Result "1/2-1/2"]
[WhiteElo "2024"]
[BlackElo "2048"]
[Opening "Four knights: Rubinstein counter-gambit, exchange variation"]
[ECO "C48"]
[Time "19:38:34"]
[TimeControl "2700+45"]

1. e4 e5 2. Nf3 Nc6 3. Nc3 Nf6 4. Bb5 Nd4 5. Nxd4 exd4 6. e5 dxc3 7. exf6 Qxf6
8. dxc3 c6 9. Bd3 Bc5 10. O-O d5 11. Qe2+ Be6 12. Be3 Bxe3 13. Qxe3 O-O 14. Qd4
{Game drawn by mutual agreement} 1/2-1/2

[Event "Team 45 45 League T58"]
[Site "Internet Chess Club"]
[Date "2013.09.24"]
[Round "5"]
[White "CaoCao"]
[Black "primerpaso"]
[Result "1/2-1/2"]
[WhiteElo "1856"]
[BlackElo "1949"]
[Opening "Sicilian: Najdorf, Byrne (English) attack"]
[ECO "B90"]
[Time "19:03:01"]
[TimeControl "2700+45"]

1. e4 c5 2. Nf3 d6 3. d4 cxd4 4. Nxd4 Nf6 5. Nc3 a6 6. Be3 e5 7. Nb3 Be6 8. f3
Nbd7 9. Qd2 b5 10. a4 b4 11. Nd5 Bxd5 12. exd5 Nb6 13. Bxb6 Qxb6 14. a5 Qb7 15.
Bc4 Be7 16. Ra4 Rb8 17. Nc1 O-O 18. Na2 Bd8 19. b3 e4 20. Kd1 exf3 21. gxf3 Qd7
22. Nxb4 Qh3 23. Rf1 Rb5 24. Qd3 Rxa5 25. Rxa5 Bxa5 26. Nc6 Bb6 27. Qf5 Qxh2 28.
Re1 a5 {Game drawn by mutual agreement} 1/2-1/2

[Event "Team 45 45 League T58"]
[Site "Internet Chess Club"]
[Date "2013.09.20"]
[Round "5"]
[White "Campagnolo"]
[Black "sidbuddha"]
[Result "0-1"]
[WhiteElo "2058"]
[BlackElo "2351"]
[Opening "English opening"]
[ECO "A05"]
[Time "21:01:11"]
[TimeControl "2700+45"]

1. Nf3 Nf6 2. c4 g6 3. Nc3 d5 4. cxd5 Nxd5 5. Qa4+ Nc6 6. Ne5 Nb4 7. a3 Bg7 8.
axb4 Bxe5 9. b5 Nb8 10. e3 O-O 11. d4 Bg7 12. Be2 Nd7 13. O-O Nb6 14. Qc2 Qd6
15. Ne4 Qd5 16. Nc5 Bf5 17. Qc3 e5 18. Rd1 Rfd8 19. Qb3 Qxb3 20. Nxb3 Bc2 21.
Na5 Bxd1 22. Bxd1 exd4 23. Nxb7 Rd5 24. Bf3 Rxb5 25. Bc6 Rb4 26. Nc5 Rd8 27. Nd3
dxe3 {White resigns} 0-1

[Event "Team 45 45 League T58"]
[Site "Internet Chess Club"]
[Date "2013.09.20"]
[Round "5"]
[White "xwang1"]
[Black "ben622"]
[Result "1-0"]
[WhiteElo "2122"]
[BlackElo "1984"]
[Opening "Alekhine's defense: exchange variation"]
[ECO "B03"]
[Time "16:13:36"]
[TimeControl "2700+45"]

1. e4 Nf6 2. e5 Nd5 3. d4 d6 4. c4 Nb6 5. exd6 cxd6 6. Nc3 g6 7. Be3 Bg7 8. Rc1
O-O 9. b3 Nc6 10. d5 Ne5 11. Be2 e6 12. f4 Ned7 13. dxe6 fxe6 14. Qxd6 e5 15. c5
exf4 16. Bf2 Qg5 17. Nf3 Qxg2 18. Rg1 Qh3 19. cxb6 Nxb6 20. Ne4 Qh5 21. Rc5 Bf5
22. Nh4 Qxe2+ 23. Kxe2 Bxe4 24. Rc7 f3+ 25. Kf1 Nd5 26. Qe6+ Kh8 27. Rxg7 Bd3+
28. Ke1 Kxg7 29. Qxd5 Rfe8+ 30. Kd2 Rad8 31. Qxb7+ Kg8 32. Kc3 Re2 33. Qxa7 Rc2+
34. Kb4 Re8 35. Re1 Be2 36. Nxf3 Re4+ 37. Nd4 {Black resigns} 1-0